 Dungeon Crawl Stone Soup version 0.17-a0-1562-g9b2c768 (webtiles) character file.

4674 George the Fighter (level 10, 0/63 HPs)
             Began as a Minotaur Fighter on July 20, 2015.
             Was a Priest of Okawaru.
             Killed from afar by a wretched star (24 damage)
             ... with an orb of energy
             ... on level 1 of the Abyss.
             The game lasted 00:21:17 (6669 turns).

George the Fighter (Minotaur Fighter)               Turns: 6669, Time: 00:21:18

Health: 0/63       AC: 14    Str: 22    XL:     10   Next: 21%
Magic:  12/12      EV:  9    Int:  3    God:    Okawaru [***...]
Gold:   478        SH: 11    Dex: 12    Spells: 0 memorised, 9 levels left

rFire  . . .     SeeInvis +     I - +5 falchion (freeze)
rCold  + + .     Rnd*Rage +     M - +5 ring mail of Tenacity {rC+}
rNeg   . . .     SustAt   .     c - +0 shield
rPois  .         Gourm    .     (helmet restricted)
rElec  .         Spirit   .     N - +0 cloak
rCorr  .         Warding  .     x - +2 pair of gloves
rMut   .         Rnd*Tele +     (no boots)
MR     .....                    (no amulet)
Stlth  +.........               U - ring of protection from cold
                                f - ring of see invisible

@: not resistant to hostile enchantments, very unstealthy
A: retaliatory headbutt, horns 2, berserk 1, deformed body, dopey 1, frail 3,
screaming 1, slow healing 1, teleportitis 1, subdued magic 1, MP-powered wands
a: Heroism, Renounce Religion


You were on level 1 of the Abyss.
You worshipped Okawaru.
Okawaru was most pleased with you.
You were not hungry.

You visited 2 branches of the dungeon, and saw 9 of its levels.
You visited the Abyss 1 time.
You also visited: Sewer.

You collected 571 gold pieces.
You spent 93 gold pieces at shops.

Inventory:

Hand weapons
 j - a +0 vampiric short sword
 I - a +5 falchion of freezing (weapon)
 T - a +3 shortbow
Missiles
 Z - 88 arrows
Armour
 c - a +0 shield (worn)
 x - a +2 pair of gloves (worn)
 M - the +5 ring mail of Tenacity (worn) {rC+}
   (You found it on level 5 of the Dungeon)

   It protects you from cold.
 N - a +0 cloak (worn)
Jewellery
 f - a ring of see invisible (left hand)
 U - a ring of protection from cold (right hand)
 V - an uncursed ring of protection from cold
Magical devices
 E - a wand of fire (5)
 S - a wand of confusion (21)
Scrolls
 i - 3 scrolls of enchant armour
 m - 6 scrolls of teleportation
 y - a scroll of fog
 W - 2 scrolls of remove curse
Potions
 d - a potion of might
 g - 4 potions of brilliance
 h - a potion of magic
 l - 3 potions of heal wounds
 p - 2 potions of flight
 t - a potion of agility
 v - a potion of berserk rage
 A - 3 potions of haste
 C - a potion of invisibility {unknown}
 R - a potion of resistance {unknown}
 Y - a potion of mutation {unknown}
Comestibles
 e - 9 bread rations
 k - 6 meat rations
 F - 10 fruits
 P - a beef jerky
 Q - a slice of pizza


   Skills:
 + Level 9.4 Fighting
 + Level 9.0 Long Blades
 + Level 9.1 Armour
 + Level 9.1 Shields
 + Level 4.7 Invocations


You had 9 spell levels left.
You didn't know any spells.

Dungeon Overview and Level Annotations

Branches:
Dungeon (8/15)             Temple (1/1) D:5
   Lair: D:8-11

Altars:
Ashenzari
Cheibriados
Dithmenos
Elyvilon
Fedhas
Kikubaaqudgha
Makhleb
Nemelex Xobeh
Okawaru
Qazlal
Ru
Sif Muna
Trog
Vehumet
Xom
Yredelemnul
Zin
The Shining One

Shops:
D:4 (


Innate Abilities, Weirdness & Mutations

You reflexively headbutt those who attack you in melee.
You have a pair of horns on your head.
[You tend to lose your temper in combat.]
[Armour fits poorly on your strangely shaped body.]
[You are dopey. (Int -2)]
[You are extremely frail (-30% HP).]
[You occasionally shout uncontrollably at your foes.]
[You heal slowly when monsters are visible.]
[You are occasionally teleported to nearby monsters.]
[Your spells are a little easier to cast, but a little less powerful.]
[You expend magic power (3 MP) to strengthen your wands.]


Message History

You completely miss the wretched star. You headbutt the wretched star.
The wretched star is moderately damaged.
You hit the wretched star. You headbutt the wretched star!
The wretched star is heavily damaged.
You closely miss the wretched star. Your headbutt misses the wretched star.
The wretched star is heavily damaged.
The wretched star glows turbulently.
The orb of energy hits you!
The orb of energy explodes!
You hit the wretched star. You freeze the wretched star.
The wretched star is heavily damaged.
You hit the wretched star but do no damage.
The wretched star is heavily damaged.
Unknown command.
You completely miss the wretched star.
The wretched star is heavily damaged.
Your shield and ring mail of Tenacity prevent you from hitting the wretched star.
The wretched star is heavily damaged.
The wretched star glows turbulently.
The orb of energy hits you!
You die...

# # . #.#.#
#....##...##.#..
..#......... ..
. ....... ##....
..#.....#.......
#.....#.......
##............#
..#......#......
.##..*@..##..+..
#........# #.
###......# . # #
######.# #.# ##
.#


You could see a wretched star.

Vanquished Creatures
  Pikel (D:6)
  Prince Ribbit (D:7)
  A spriggan (D:7)
  Eustachio (D:5)
  Menkaure (D:5)
  A small abomination (Abyss:1)
  A hell hound (Abyss:1)
  2 ice beasts
  A slave (D:6)
  A black bear (D:6)
  6 centaurs
  An orc warrior (D:7)
  4 ogres
  A sky beast (D:5)
  3 giant frogs
  9 big kobolds (Sewer)
  2 scorpions
  3 killer bees (D:6)
  A crimson imp (D:6)
  3 jellies
  A centaur zombie (D:6)
  2 hounds
  6 orc wizards
  Crazy Yiuf (D:5)
  An iguana (D:8)
  2 orc priests (D:6)
  7 worker ants
  A hound skeleton (D:7)
  A hound zombie (D:6)
  16 adders
  A shadow imp (D:7)
  5 oozes
  6 worms
  3 adder skeletons
  6 giant geckos
  21 orcs
  18 bats
  2 bat skeletons
  3 bat zombies (D:5)
  11 giant cockroaches
  9 hobgoblins
  19 jackals
  2 giant newts (D:2)
  12 goblins
  16 kobolds
  4 quokkas
  A quokka skeleton (D:7)
  15 rats
  3 rat zombies (D:5)
239 creatures vanquished.

Vanquished Creatures (others)
  A giant gecko (D:6)
1 creature vanquished.

Grand Total: 240 creatures vanquished

Notes
Turn   | Place    | Note
--------------------------------------------------------------
     0 | D:1      | George the Minotaur Fighter began the quest for the Orb.
     0 | D:1      | Reached XP level 1. HP: 19/19 MP: 0/0
   199 | D:1      | Reached XP level 2. HP: 18/27 MP: 1/1
   432 | D:1      | Reached skill level 4 in Armour
   879 | D:2      | Reached XP level 3. HP: 12/33 MP: 2/2
  1318 | D:2      | Reached XP level 4. HP: 37/40 MP: 3/3
  1795 | D:3      | Reached XP level 5. HP: 38/47 MP: 4/4
  1981 | D:3      | Reached skill level 5 in Fighting
  1981 | D:3      | Reached skill level 5 in Armour
  1991 | D:3      | Reached skill level 5 in Shields
  2295 | D:3      | Reached XP level 6. HP: 53/56 MP: 5/5
  2656 | D:4      | Found Biupihafe's Antique Weapon Shoppe.
  2935 | D:4      | Found a blossoming altar of Fedhas.
  3008 | D:4      | Bought a runed falchion for 93 gold pieces
  3042 | D:5      | Entered Level 5 of the Dungeon
  3121 | D:5      | Found a glowing drain.
  3148 | Sewer    | Entered a sewer
  3349 | Sewer    | Reached skill level 5 in Long Blades
  3349 | Sewer    | Reached XP level 7. HP: 59/62 MP: 6/6
  3465 | Sewer    | Reached skill level 6 in Armour
  3724 | Sewer    | Reached XP level 8. HP: 68/71 MP: 7/7
  3886 | D:5      | Reached skill level 7 in Fighting
  3925 | D:5      | Found an iron altar of Okawaru.
  3939 | D:5      | Became a worshipper of Warmaster Okawaru
  4065 | D:5      | Found an ancient bone altar of Kikubaaqudgha.
  4206 | D:5      | Reached skill level 1 in Invocations
  4208 | D:5      | Found a staircase to the Ecumenical Temple.
  4221 | D:5      | Noticed Eustachio
  4223 | D:5      | Got a scorched ring mail
  4230 | D:5      | Killed Eustachio
  4464 | D:5      | Noticed Menkaure
  4465 | D:5      | Killed Menkaure
  4465 | D:5      | Acquired Okawaru's first power
  4713 | D:5      | Found a radiant altar of Vehumet.
  4713 | D:5      | Found a glowing silver altar of Zin.
  4788 | D:5      | Noticed Crazy Yiuf
  4794 | D:5      | Killed Crazy Yiuf
  4815 | D:5      | Identified the +5 ring mail of Tenacity {rC+} (You found it on level 5 of the Dungeon)
  4944 | D:6      | Reached XP level 9. HP: 80/80 MP: 9/9
  5054 | D:6      | Found a shadowy altar of Dithmenos.
  5080 | D:6      | Reached skill level 8 in Fighting
  5192 | D:6      | Noticed Pikel
  5199 | D:6      | Killed Pikel
  5750 | D:7      | Reached skill level 9 in Fighting
  5771 | D:7      | Noticed Prince Ribbit
  5780 | D:7      | Killed Prince Ribbit
  5816 | D:7      | Found a blossoming altar of Fedhas.
  5868 | D:7      | Reached XP level 10. HP: 66/91 MP: 12/12
  6380 | Temple   | Entered the Ecumenical Temple
  6515 | D:8      | Got a pitted flail
  6516 | D:8      | Identified the +9 flail of Pride {distort, rElec rC+ MP-9} (You found it on level 8 of the Dungeon)
  6552 | D:8      | Cast into the Abyss (a distortion unwield)
  6564 | Abyss:1  | Noticed a rakshasa
  6564 | Abyss:1  | Noticed a blizzard demon
  6566 | Abyss:1  | Found a corrupted altar of Lugonu.
  6647 | Abyss:1  | Noticed a wretched star
  6669 | Abyss:1  | Killed from afar by a wretched star

Vault maps used:
D:1:      evilmike_arrival_crescent, grunt_decor_cap
D:2:      wad_crossroads, first_bread
D:4:      serial_shops, nicolae_shop_overgrown_old_shop, grunt_decor_clamped,
          minmay_misc_feat_square, fedhas_altar_1
D:5:      okawaru_trees_2, gammafunk_temple_overflow_pools,
          lemuel_zombie_altar_kikubaaqudgha,
          minmay_temple_entry_statues_fountains, gup_sewer_entry_glass,
          uniq_crazy_yiuf_cottage, uniq_eustachio, uniq_menkaure
D:6:      lemuel_crystal_altar, uniq_pikel
D:7:      the_bakery, lemuel_centaur_altar, uniq_prince_ribbit1
D:8:      kennysheep_little_box, nicolae_ru_sacrificial_ziggurat
Temple:   circular_temple_13
Sewer:    sewer_co_tree

Action                   |  1- 3 |  4- 6 |  7- 9 | 10-12 || total
-------------------------+-------+-------+-------+-------++-------
Melee: Long sword        |   112 |   165 |       |       ||   277
       Falchion          |       |    56 |   326 |    53 ||   435
       Flail             |       |       |       |     8 ||     8
Evoke: Wand              |       |       |     1 |       ||     1
  Use: Scroll            |       |    13 |     5 |     1 ||    19
  Eat: Chunk             |     1 |     7 |     9 |     3 ||    20
       Fruit             |       |       |     1 |       ||     1
